 Dungeon Crawl Stone Soup version 0.19.1-1-g22dce08 (webtiles) character file.

60 Nakatomy the Ruffian (level 3, -2/29 HPs)
             Began as a Draconian Transmuter on Jan 9, 2017.
             Slain by Grinder (10 damage)
             ... while paralysed by Grinder
             ... on level 3 of the Dungeon.
             The game lasted 00:08:06 (1763 turns).

Nakatomy the Ruffian (Draconian Transmuter)         Turns: 1763, Time: 00:08:06

Health: -2/29      AC:  2    Str: 12    XL:     3   Next: 82%
Magic:  3/6        EV:  5    Int: 14    God:
Gold:   78         SH:  0    Dex: 16    Spells: 3 memorised, 1 level left

rFire  . . .     SeeInvis .       - Unarmed
rCold  . . .     Gourm    .     (armour unavailable)
rNeg   . . .     Faith    .     (shield currently unavailable)
rPois  x         Spirit   .     (helmet currently unavailable)
rElec  .         Reflect  .     (cloak currently unavailable)
rCorr  .         Harm     .     (gloves currently unavailable)
MR     .....                    (boots currently unavailable)
Stlth  +.........               (no amulet)
                                i - ring of wizardry
                                (no ring)

@: paralysed, spider-form (expiring)
A: unfitting armour, (cold-blooded), AC +5
a: End Transformation


You were on level 3 of the Dungeon.
You were hungry.
You were a venomous arachnid creature.
You visited 1 branch of the dungeon, and saw 3 of its levels.

You collected 78 gold pieces.

Inventory:

Missiles
 a - 22 arrows
Jewellery
 i - a ring of wizardry (right front leg)
Scrolls
 f - a scroll of amnesia
 k - a scroll of enchant armour {unknown}
 l - 3 scrolls of teleportation
Potions
 e - a potion of mutation {unknown}
 g - a potion of magic {unknown}
 j - 2 potions of haste {unknown}
 p - a potion of degeneration {unknown}
 t - 2 potions of might {unknown}
Books
 b - a book of Changes

   Spells                             Type                      Level
   a - Beastly Appendage              Transmutation                1
   b - Sticks to Snakes               Transmutation                2
   c - Spider Form                    Transmutation/Poison         3
   d - Ice Form                       Ice/Transmutation            4
   e - Blade Hands                    Transmutation                5
Comestibles
 c - a bread ration
 d - 3 chunks of flesh
 h - a beef jerky
 q - a slice of pizza


   Skills:
 + Level 2.2 Fighting
 - Level 1.7 Dodging
 + Level 3.6 Unarmed Combat
 + Level 2.5 Spellcasting
 + Level 2.4 Transmutations


You had one spell level left.
You knew the following spells:

 Your Spells              Type           Power        Failure   Level  Hunger
a - Beastly Appendage     Tmut           #.....       10%         1    #......
b - Sticks to Snakes      Tmut           #.......     13%         2    ###....
c - Spider Form           Tmut/Pois      #.........   36%         3    ###....


Dungeon Overview and Level Annotations

Branches:
Dungeon (3/15)

Altars:

Portals:
Abyss: D:1***

Annotations:
D:3 Grinder, Ijyb


Innate Abilities, Weirdness & Mutations

((Your plain brown scales are hard. (AC +5)))
You cannot fit into any form of body armour.
((You are cold-blooded and may be slowed by cold attacks.))


Message History

You turn into a venomous arachnid creature.
Ijyb screams, "Me very upset!"
Grinder says, "Mostly I couldn't keep them alive."
Grinder gestures at you. Pain shoots through your body!
You hit Grinder.
Grinder is lightly wounded.
Grinder barely misses you.
You barely miss Grinder.
Grinder is lightly wounded.
Grinder completely misses you.
You hit Grinder but do no damage.
Grinder is lightly wounded.
Grinder gestures at you.
You suddenly lose the ability to move!
Grinder hits you.
You writhe in agony.
* * * LOW HITPOINT WARNING * * *
Your transformation is almost over.
Grinder hits you!
You die...

..# #.# # #.#
.# ###.##.
.l... .w. #g#
.# #5##.#
#s##.# .###
#.##.# ... .
#.##.##)###.#
#..........
##.........
####...#.#.
#........#
#.##.#รท### #
#.#.#


You could see Grinder, Ijyb, a worm and a frilled lizard (wandering).

Vanquished Creatures
  2 adders (D:2)
  An ooze (D:2)
  A dart slug (D:1)
  4 giant cockroaches
  5 goblins
  4 hobgoblins
  4 jackals (D:1)
  A ball python (D:2)
  3 bats
  6 frilled lizards
  5 kobolds
  3 rats (D:2)
39 creatures vanquished.

Notes
Turn   | Place    | Note
-------+----------+-------------------------------------------
     0 | D:1      | Nakatomy the Draconian Transmuter began the quest for the Orb.
     0 | D:1      | Reached XP level 1. HP: 16/16 MP: 3/3
   155 | D:1      | Reached XP level 2. HP: 22/23 MP: 3/5
   606 | D:1      | Learned a level 2 spell: Sticks to Snakes
  1163 | D:2      | Reached XP level 3. HP: 26/29 MP: 4/6
  1168 | D:2      | Learned a level 3 spell: Spider Form
  1753 | D:3      | Noticed Grinder
  1754 | D:3      | Paralysed by Grinder for 4 turns
  1757 | D:3      | Noticed Ijyb
  1761 | D:3      | Paralysed by Grinder for 7 turns
  1763 | D:3      | Slain by Grinder

Skill      XL: |  1  2  3 |
---------------+----------+-----
Fighting       | 2 |  2.2
Dodging        | |  1.7
Unarmed Combat | |  3.6
Spellcasting   | |  2.5
Transmutations | |  2.4

Action                   || total
-------------------------++-------
Melee: Unarmed           ||   110
       Headbutt          ||     8
       Tailslap          ||    12
       Punch             ||     2
       Kick              ||     7
 Cast: Beastly Appendage ||    25
       Sticks to Snakes  ||     5
       Spider Form       ||     1
  Use: Scroll            ||     8
  Eat: Chunk             ||     3
Armor: Skin              ||    41
Dodge: Dodged            ||    81
